 Dungeon Crawl Stone Soup version 0.26-a0-631-ged93497179 (webtiles) character file.

Game seed: 14754462671787068098

5037 Murumi the Fighter (level 10, -2/169 HPs)
             Began as an Ogre Conjurer on Sept 12, 2020.
             Was an Elder of Okawaru.
             Slain by an unseen horror (4 damage)
             ... on level 1 of the Abyss.
             The game lasted 00:35:27 (11935 turns).

Murumi the Fighter (Ogre Conjurer)                 Turns: 11935, Time: 00:35:28

Health: -2/169     AC:  8    Str: 22    XL:     10   Next: 55%
Magic:  17/17      EV: 11    Int: 19    God:    Okawaru [****..]
Gold:   90         SH:  5    Dex:  7    Spells: 16/19 levels left

rFire    . . .     SeeInvis .   f - +5 dire flail (protect)
rCold    . . .     Faith    .   (shield currently unavailable)
rNeg     . . .     Spirit   .   B - +0 swamp dragon scales
rPois    +         Reflect  +   (helmet restricted)
rElec    .         Harm     .   m - scarf {shadows}
rCorr    .         Rampage  .   (gloves unavailable)
MR       +....                  (boots unavailable)
Stlth    ..........             A - amulet of reflection
HPRegen  0.00/turn              c - +6 ring of strength
MPRegen  0.15/turn              x - +4 ring of slaying

@: berserking, liquid flames, about to teleport, non-regenerating, badly
diseased, glowing, lightly drained, very quick
A: large, unfitting armour, tough skin 1
a: Heroism, Renounce Religion


You were on level 1 of the Abyss.
You worshipped Okawaru.
Okawaru was greatly pleased with you.
You visited 2 branches of the dungeon, and saw 9 of its levels.
You visited the Abyss 1 time.

You collected 439 gold pieces.
You spent 349 gold pieces at shops.

Inventory:

Hand Weapons
 f - a +5 dire flail of protection (weapon)
 g - a +0 whip
 o - a +0 giant club
Missiles
 l - 29 poisoned darts (quivered)
Armour
 m - a scarf of shadows (worn)
 z - a scarf of harm
 B - +0 swamp dragon scales (worn)
Jewellery
 a - an uncursed ring of fire
 c - a +6 ring of strength (left hand)
 j - a +6 ring of intelligence
 q - an uncursed ring of protection from fire
 x - a +4 ring of slaying (right hand)
 A - an amulet of reflection (around neck)
Wands
 t - a wand of random effects (19)
Scrolls
 k - 2 scrolls of teleportation
 r - a scroll of enchant armour
 s - 3 scrolls of remove curse
 y - 2 scrolls of magic mapping
Potions
 b - 2 potions of curing
 d - 2 potions of cancellation
 h - 2 potions of resistance
 i - a potion of stabbing
 n - a potion of brilliance
 p - a potion of flight
 u - a potion of haste
 v - a potion of heal wounds


   Skills:
 - Level 11.0(10.7) Fighting
 - Level 7.0(6.7) Maces & Flails
 + Level 0.7(0.4) Armour
 - Level 7.0(6.7) Dodging
 - Level 2.0(1.7) Stealth
 - Level 5.0(4.7) Spellcasting
 - Level 4.0(3.7) Conjurations
 - Level 4.0(3.7) Invocations
 - Level 2.0(1.7) Evocations


You had 16 spell levels left.
You knew the following spells:

 Your Spells              Type           Power        Failure   Level
a - Magic Dart            Conj           #...         4%          1
b - Searing Ray           Conj           #.....       7%          2

Your spell library contained the following spells:

 Spells                   Type           Power        Failure   Level
 Dazzling Flash           Conj/Hex       #.....       28%         3
 Confusing Touch          Hex            #.......     52%         3
 Gell's Gravitas          Tloc           #.........   52%         3
 Fulminant Prism          Conj/Hex       #.........   67%         4
 Iskenderun's Mystic Bla  Conj/Tloc      #.......     67%         4
 Petrify                  Tmut/Erth      #.......     90%         4
 Metabolic Englaciation   Hex/Ice        #.........   99%         5
 Yara's Violent Unravell  Hex/Tmut       #.........   99%         5


Dungeon Overview and Level Annotations

Branches:
Dungeon (8/15)             Temple (1/1) D:6            Lair (0/6) D:8

Altars:
Ashenzari
Cheibriados
Dithmenos
Elyvilon
Fedhas
Gozag
Hepliaklqana
Kikubaaqudgha
Makhleb
Nemelex Xobeh
Okawaru
Qazlal
Ru
Sif Muna
Trog
Uskayaw
Vehumet
Wu Jian
Xom
Yredelemnul
Zin
The Shining One

Shops:
D:5 [   D:6 }   D:7 [

Annotations:
D:5 2 runed translucent doors, ildemir's ghost, amateur HuFi
D:8 Psyche


Innate Abilities, Weirdness & Mutations

You are too large for most types of armour.
You have tough skin. (AC +1)


Message History

Something smites you!
* * * LOW HITPOINT WARNING * * *
The ancient zyme is engulfed in a cloud of scalding steam.
The ancient zyme hits you!
* * * LOW HITPOINT WARNING * * *
The ancient zyme misses you. The iron imp misses you.
You miss something.
You are engulfed in a cloud of scalding steam.
Something hits you but does no damage.
The sixfirhy is engulfed in a cloud of scalding steam.
You block the sixfirhy's attack.
The ynoxinul gestures.
The smoke demon gestures at you.
The sticky flame hits you but does no damage.
You are covered in liquid flames!
You are covered in liquid flames!
* * * LOW HITPOINT WARNING * * *
The sixfirhy is engulfed in a cloud of scalding steam. x2
The sixfirhy hits you but does no damage.
Something hits you.
You die...

..#.#.. ####..#.#
.####.#. ###.#..#.
.......5.......... .
...##...###.....#..#
# ....5###..#.. .. #
...
.....3.55#......#.#..
...##§x.#..##.. # .
#.3{#..##.....
....#53@#..... .#.
....##§.§#....
...*.#*#.#....
........#.....
....#.....#..
............. .### ##


You could see a wretched star, an ancient zyme, a sixfirhy, a smoke demon, a
ynoxinul, an iron imp and 3 ufetubi.

Vanquished Creatures
  Erica (D:8)
  Maggie (D:8)
  Grinder (D:3)
  Prince Ribbit (D:7)
  5 yaks (D:8)
  A basilisk (D:8)
  Edmund (D:5)
  Duvessa (D:5)
  2 porcupines (D:8)
  3 orc warriors
  2 sky beasts (D:6)
  3 black bears
  An ice beast (D:6)
  A necrophage (D:7)
  2 ogres
  A centaur (D:6)
  2 crocodiles
  A bullfrog (D:8)
  Dowan (D:5)
  A scorpion (D:8)
  4 wights (D:8)
  3 bullfrog zombies
  A centaur zombie (D:8)
  6 hounds
  2 orc priests
  A bullfrog skeleton (D:4)
  2 jellies
  3 iguanas
  4 orc wizards
  2 worker ants
  A hound zombie (D:5)
  A hound skeleton (D:8)
  7 adders
  4 gnolls (D:6)
  A howler monkey skeleton (D:6)
  4 shadow imps
  2 white imps
  An ufetubus (D:7)
  2 adder skeletons
  An adder zombie (D:8)
  3 worms
  4 leopard geckos
  18 orcs
  2 ball pythons
  7 giant cockroaches
  7 goblins
  7 hobgoblins
  4 jackals
  2 quokkas
  7 bats
  3 frilled lizards
  4 kobolds
  2 quokka skeletons
  3 rats
157 creatures vanquished.

Vanquished Creatures (others)
  2 bushes (D:8)
  3 fungi (D:8)
  11 plants (D:8)
16 creatures vanquished.

Grand Total: 173 creatures vanquished

Notes
Turn   | Place    | Note
-------+----------+-------------------------------------------
     0 | D:1      | Murumi the Ogre Conjurer began the quest for the Orb.
     0 | D:1      | Reached XP level 1. HP: 16/16 MP: 3/3
   416 | D:1      | Reached XP level 2. HP: 24/24 MP: 1/5
  1454 | D:1      | Learned a level 2 spell: Searing Ray
  1512 | D:2      | Reached skill level 1 in Fighting
  1512 | D:2      | Reached XP level 3. HP: 31/33 MP: 2/7
  1822 | D:2      | Reached skill level 2 in Fighting
  1907 | D:2      | Reached skill level 1 in Maces & Flails
  2001 | D:2      | Reached XP level 4. HP: 44/44 MP: 3/8
  2238 | D:2      | Found a sacrificial altar of Ru.
  2337 | D:2      | Reached skill level 3 in Fighting
  2631 | D:3      | Found a faded altar of an unknown god.
  2665 | D:3      | Noticed Grinder
  2718 | D:3      | Paralysed by Grinder for 2 turns
  2724 | D:3      | Paralysed by Grinder for 3 turns
  2745 | D:3      | Killed Grinder
  2745 | D:3      | Reached skill level 4 in Fighting
  2745 | D:3      | Reached skill level 5 in Fighting
  2745 | D:3      | Reached skill level 6 in Fighting
  2745 | D:3      | Reached XP level 5. HP: 57/59 MP: 1/9
  2745 | D:3      | Reached XP level 6. HP: 65/67 MP: 1/10
  4009 | D:4      | Reached XP level 7. HP: 71/75 MP: 3/11
  4746 | D:5      | Entered Level 5 of the Dungeon
  4960 | D:5      | Found a runed translucent door.
  4969 | D:5      | Noticed ildemir's ghost (amateur HuFi)
  5039 | D:5      | Noticed Duvessa
  5099 | D:5      | Killed Duvessa
  5099 | D:5      | Reached skill level 7 in Fighting
  5114 | D:5      | Noticed Dowan
  5463 | D:5      | Killed Dowan
  5463 | D:5      | Reached skill level 8 in Fighting
  5595 | D:5      | Found Oxubb's Armour Shoppe.
  5598 | D:5      | Bought a +1 robe of magic resistance for 165 gold pieces
  6089 | D:5      | Found a runed translucent door.
  6134 | D:6      | Found a staircase to the Ecumenical Temple.
  6142 | Temple   | Entered the Ecumenical Temple
  6546 | Temple   | Became a worshipper of Warmaster Okawaru
  6557 | D:6      | Noticed Edmund
  7081 | D:5      | Killed Edmund
  7081 | D:5      | Reached XP level 8. HP: 32/88 MP: 4/12
  7573 | D:6      | Reached skill level 1 in Invocations
  7783 | D:6      | Found Iriantell's Gadget Shop.
  7887 | D:6      | Reached * piety under Okawaru
  7943 | D:6      | Reached skill level 9 in Fighting
  8177 | D:6      | Reached skill level 5 in Maces & Flails
  8262 | D:6      | Reached skill level 1 in Evocations
  8415 | D:6      | Reached XP level 9. HP: 98/98 MP: 5/13
  9390 | D:7      | Found a blossoming altar of Fedhas.
  9464 | D:7      | Reached skill level 5 in Dodging
  9956 | D:7      | Found Wyukooffi's Antique Armour Emporium.
  9986 | D:7      | Bought a runed scarf for 184 gold pieces
 10082 | D:7      | Noticed Prince Ribbit
 10091 | D:7      | Killed Prince Ribbit
 10091 | D:7      | Reached skill level 10 in Fighting
 10165 | D:7      | Reached ** piety under Okawaru
 10330 | D:8      | Noticed Erica
 10609 | D:8      | Reached *** piety under Okawaru
 10626 | D:8      | Reached XP level 10. HP: 83/111 MP: 3/16
 10634 | D:8      | Reached skill level 11 in Fighting
 10762 | D:8      | Found a staircase to the Lair.
 11360 | D:8      | Noticed Maggie
 11366 | D:8      | Killed Erica
 11366 | D:8      | Reached **** piety under Okawaru
 11376 | D:8      | Killed Maggie
 11689 | D:8      | Reached skill level 5 in Spellcasting
 11785 | D:8      | Noticed Psyche
 11799 | D:8      | Cast into level 1 of the Abyss (Psyche)
 11926 | Abyss:1  | Noticed a sixfirhy
 11929 | Abyss:1  | Noticed a smoke demon
 11931 | Abyss:1  | Noticed a wretched star
 11933 | Abyss:1  | HP: 6/169 [ancient zyme (10)]
 11935 | Abyss:1  | HP: 2/169 [burnt (4)]
 11935 | Abyss:1  | Slain by an unseen horror

Illustrated notes

Levels and vault maps discovered:
D:1:      dpeg_arrival_snail, layout_basic
D:2:      layout_loops_cross, hangedman_abyss_or_decor_lesser_grid,
          nicolae_ru_path_of_blood
D:3:      layout_rooms, chequers_ecumenical_altar_simple_redux, uniq_grinder
D:4:      layout_rooms
D:5:      layout_basic, ebering_ghost_sewer_f, serial_shops, kennysheep_mini,
          uniq_duvessa
D:6:      layout_cave_pods, minmay_temple_entry_tees, serial_shops, shop,
          uniq_edmund
D:7:      lemuel_ice_spiral_2, layout_rooms, lemuel_crystal_altar, serial_shops,
          shop, uniq_prince_ribbit1
D:8:      layout_basic, minmay_lair_entry_grove, uniq_psyche, uniq_erica,
          uniq_maggie
Temple:   regret_index_temple_sigil_plot
Abyss:1:  base:
D:8

Skill      XL: |  1  2  3  4  5  6  7  8  9 10 |
---------------+-------------------------------+-----
Dodging        | 2 3 4 6 7 |  7.0
Conjurations   | 4 |  4.0
Spellcasting   | 3 4 5 |  5.0
Fighting       | 1 2 6 8 9 10 11 | 11.0
Maces & Flails | 1 2 3 4 5 6 7 |  7.0
Invocations    | 3 4 |  4.0
Stealth        | 2 |  2.0
Evocations     | 2 |  2.0
Armour         | |  0.7

Action                   |  1- 3 |  4- 6 |  7- 9 | 10-12 || total
-------------------------+-------+-------+-------+-------++-------
Melee: Unarmed           |    11 |       |       |       ||    11
       Whip              |    12 |    26 |    18 |       ||    56
       Dire flail        |       |       |    90 |    59 ||   149
Throw: Dart              |       |     7 |    14 |       ||    21
 Cast: Magic Dart        |    60 |    45 |    70 |    36 ||   211
       Searing Ray       |     3 |    16 |    47 |    13 ||    79
Invok: Heroism           |       |       |     1 |     2 ||     3
  Use: Scroll            |     9 |     1 |    10 |     4 ||    24
       Potion            |       |     2 |     4 |     1 ||     7
Armor: Robe              |    12 |     9 |    33 |     3 ||    57
       Skin              |       |    10 |       |       ||    10
       Swamp dragon scal |       |       |       |    12 ||    12
Dodge: Dodged            |    13 |    23 |    71 |    35 ||   142
Block: Other             |       |       |    11 |    11 ||    22
       Reflection        |       |       |       |     1 ||     1

Table legend: (Time is in decaauts)
 A = Elapsed time spent in this place.
 B = Non-inter-level travel time spent in this place.
 C = Inter-level travel time spent in this place.
 D = Time resting spent in this place.
 E = Time spent auto-exploring this place.
 F = Levels seen in this place.
 G = Mean time per level.
                   A        B        C        D        E       F      G
               +--------+--------+--------+--------+--------+-----+--------+
         Total |  11919 |  11354 |    565 |    952 |   9034 |  10 | 1191.9 |
       Dungeon |  11369 |  10837 |    532 |    863 |   8654 |   8 | 1421.1 |
        Temple |    414 |    381 |     33 |      0 |    380 |   1 |  414.0 |
         Abyss |    135 |    135 |      0 |     89 |      0 |   1 |  135.0 |
               +--------+--------+--------+--------+--------+-----+--------+

Top non-repeatable levels by time:
     D:5: 2161 daAuts
     D:6: 1739 daAuts
     D:1: 1499 daAuts
     D:8: 1293 daAuts
     D:4: 1282 daAuts
     D:3: 1152 daAuts
     D:2: 1125 daAuts
     D:7: 1116 daAuts
  Temple: 414 daAuts
 Abyss:1: 135 daAuts
